 Dungeon Crawl Stone Soup version 0.27-a0-1525-g1038ab4fd7 (webtiles) character file.

Game seed: 13805111893937611847

112 Spaninq the Chopper (level 4, -3/33 HPs)
             Began as a Demonspawn Wanderer on July 10, 2021.
             Killed by nerve-wracking pain
             ... invoked by a shadow imp
             ... summoned by Natasha
              (8 damage)
             ... on level 1 of the Dungeon.
             The game lasted 00:08:05 (2932 turns).

Spaninq the Chopper (Demonspawn Wanderer)           Turns: 2932, Time: 00:08:06

Health: -3/33      AC:  7    Str: 14    XL:     4   Next: 64%
Magic:  0/5        EV: 12    Int: 16    God:
Gold:   81         SH:  0    Dex: 15    Spells: 5/5 levels left

rFire    . . .     SeeInvis .   k - +0 hand axe
rCold    . . .     Faith    .   (no shield)
rNeg     . . .     Spirit   +   b - +0 robe
rPois    .         Reflect  .   (no helmet)
rElec    .         Harm     .   (no cloak)
rCorr    .         Rampage  .   (no gloves)
Will     .....                  l - +0 pair of boots
Stlth    ++........             c - amulet of guardian spirit
HPRegen  0.11/turn              i - +4 ring of protection
MPRegen  0.18/turn              h - +6 ring of dexterity

@: no status effects
A: demonic guardian 1, magic regeneration
a: no special abilities


You were on level 1 of the Dungeon.
You visited 1 branch of the dungeon, and saw 2 of its levels.

You collected 81 gold pieces.

Inventory:

Hand Weapons
 k - a +0 hand axe (weapon)
Armour
 b - a +0 robe (worn)
 l - a +0 pair of boots (worn)
Jewellery
 c - an amulet of guardian spirit (around neck)
 h - a +6 ring of dexterity (right hand)
 i - a +4 ring of protection (left hand)
Scrolls
 d - a scroll of blinking {unknown}
 e - a scroll of torment {unknown}
 f - a scroll of magic mapping {unknown}
 g - a scroll of identify {unknown}
 j - a scroll of teleportation {unknown}


   Skills:
 + Level 2.1 Fighting
 * Level 3.1 Axes
 + Level 2.5 Armour
 + Level 1.5 Dodging
 - Level 1.0 Stealth
 - Level 1.0 Shields
 - Level 1.0 Spellcasting
 - Level 1.7 Ice Magic


You had 5 spell levels left.
You didn't know any spells.
Your spell library contained the following spells:

 Spells                   Type           Power      Damage    Failure   Level
 Freeze                   Ice            24%        1d5       11%         1
 Apportation              Tloc           0%         N/A       22%         1
 Corona                   Hex            0%         N/A       22%         1
 Sting                    Tmut/Pois      0%         1d3       22%         1
 Ensorcelled Hibernation  Hex/Ice        6%         N/A       24%         2
 Frozen Ramparts          Ice            12%        1d3       32%         3
 Ozocubu's Armour         Ice            6%         N/A       32%         3
 Portal Projectile        Hex/Tloc       0%         N/A       56%         3
 Spider Form              Tmut/Pois      0%         N/A       56%         3
 Tukima's Dance           Hex            0%         N/A       56%         3
 Hailstorm                Conj/Ice       3%         3d3       85%         4


Dungeon Overview and Level Annotations

Branches:
Dungeon (2/15)

Altars:

Annotations:
D:1 Natasha
D:2 Robin, Sigmund


Innate Abilities, Weirdness & Mutations

A weak demonic guardian rushes to your aid.
You regenerate magic rapidly.


Message History

Your white imp gestures at the iron imp.
The puff of frost hits the iron imp.
The iron imp resists.
Natasha claws you but does no damage.
The shadow imp barely misses your white imp.
Natasha claws your white imp! The iron imp hits your white imp.
Your white imp hits the iron imp but does no damage.
The shadow imp closely misses your white imp.
Natasha casts a spell at you. The magic dart hits your white imp.
Your white imp dies!
You aren't carrying any potions.
The iron imp grinds its teeth.
You barely miss Natasha.
Natasha is severely wounded.
Natasha mumbles some strange words.
The shadow imp disappears in a puff of smoke!
Natasha claws you but does no damage.
Natasha stares at you and mumbles some strange words.
The magic dart hits you.
* * * LOW HITPOINT WARNING * * *
A demonic guardian appears!
Your quasit bites the shadow imp.
Your quasit completely misses the shadow imp.
Your quasit claws the shadow imp but does no damage.
The iron imp grins evilly.
Natasha barely misses you.
Your quasit bites the shadow imp but does no damage.
Your quasit closely misses the shadow imp.
Your quasit claws the shadow imp but does no damage.
The shadow imp misses you.
Natasha mumbles some strange words.
Your quasit closely misses the shadow imp.
Your quasit misses the shadow imp.
Your quasit claws the shadow imp but does no damage.
Natasha wildly gestures.
You feel disoriented.
Something claws your quasit but does no damage.
The shadow imp gestures at you. Pain shoots through your body!
You die...

....#######.#.###########
.)..##......#...........#
....##.################.#
....##.# #...........#.#
.......####...........#.#
................#######.#
........................#
#.............#...#######
'.............+.@>#
#.............##.##
#............5.#5#
#............5.5.#
...............###
.............#.#
.............#.#
.............#.#
..###........#.#


You could see a shadow imp (summoned) and a friendly quasit (summoned).

Vanquished Creatures
  Natasha (D:1)
  An adder (D:1)
  2 dart slugs (D:1)
  7 endoplasms
  2 giant cockroaches
  13 goblins
  3 hobgoblins (D:2)
  3 quokkas
  2 ball pythons (D:1)
  6 bats
  3 frilled lizards
  A kobold (D:1)
  3 rats (D:1)
47 creatures vanquished.

Vanquished Creatures (collateral kills)
  Natasha (D:2)
  A goblin (D:1)
  A hobgoblin (D:1)
  A quokka (D:1)
  A bat (D:2)
5 creatures vanquished.

Grand Total: 52 creatures vanquished

Notes
Turn   | Place    | Note
-------+----------+-------------------------------------------
     0 | D:1      | Spaninq the Demonspawn Wanderer began the quest for the
                  | Orb.
     0 | D:1      | Spaninq set off with the following items: a +0 club, a +0
                  | robe; and the following spells available to memorise:
                  | Freeze, Apportation, Sting, Frozen Ramparts, Ozocubu's
                  | Armour, Portal Projectile, Spider Form, Hailstorm
     0 | D:1      | Reached XP level 1. HP: 15/15 MP: 2/2
   161 | D:1      | Reached skill level 2 in Axes
   381 | D:1      | Gained mutation: A weak demonic guardian rushes to your
                  | aid. [demonic ancestry]
   381 | D:1      | Reached XP level 2. HP: 9/21 MP: 1/3
  1345 | D:1      | Gained mutation: You regenerate magic rapidly. [demonic
                  | ancestry]
  1345 | D:1      | Reached XP level 3. HP: 22/26 MP: 4/4
  1496 | D:1      | Reached skill level 1 in Dodging
  2230 | D:2      | Noticed Natasha
  2242 | D:2      | Killed Natasha
  2316 | D:2      | Reached XP level 4. HP: 22/33 MP: 5/5
  2469 | D:2      | Noticed Sigmund
  2586 | D:2      | Noticed Robin
  2605 | D:2      | Reached skill level 3 in Axes
  2620 | D:2      | Noticed Natasha
  2646 | D:1      | Killed Natasha
  2685 | D:1      | Noticed Natasha
  2932 | D:1      | Killed from afar by a shadow imp

Illustrated notes

Levels and vault maps discovered:
D:1:      shiori_arrival_elements, layout_basic
D:2:      layout_basic, uniq_natasha, uniq_sigmund, uniq_robin

Skill      XL: |  1  2  3  4 |
---------------+-------------+-----
Axes           | 2 3 |  3.1
Armour         | 2 |  2.5
Dodging        | 1 |  1.5
Fighting       | 2 |  2.1
Stealth        | |  1.0
Shields        | |  1.0
Spellcasting   | |  1.0
Ice Magic      | |  1.7

Action                   |  1- 3 |  4- 6 || total
-------------------------+-------+-------++-------
Melee: Club              |   113 |       ||   113
       Spear             |    30 |       ||    30
       Hand axe          |    24 |    71 ||    95
  Use: Potion            |     1 |       ||     1
 Stab: Sleeping          |     2 |       ||     2
Armor: Robe              |    50 |    33 ||    83
Dodge: Dodged            |   118 |    44 ||   162

Table legend: (Time is in decaauts)
 A = Elapsed time spent in this place.
 B = Non-inter-level travel time spent in this place.
 C = Inter-level travel time spent in this place.
 D = Time resting spent in this place.
 E = Time spent auto-exploring this place.
 F = Levels seen in this place.
 G = Mean time per level.
                   A        B        C        D        E       F      G
               +--------+--------+--------+--------+--------+-----+--------+
         Total |   2974 |   2892 |     82 |    725 |   1553 |   2 | 1487.0 |
       Dungeon |   2974 |   2892 |     82 |    725 |   1553 |   2 | 1487.0 |
               +--------+--------+--------+--------+--------+-----+--------+

Top non-repeatable levels by time:
     D:1: 2383 daAuts
     D:2: 590 daAuts
